Map: Eflorescencia EE

Players

MrFercho

  • Race: Zerg Zerg
  • League: Silver
  • Spawn Location: 6:00

TATORREA

  • Race: Protoss Protoss
  • League: Silver
  • Spawn Location: 9:00

Demizer - Winner!

  • Race: Protoss Protoss
  • League: Bronze
  • Spawn Location: 3:00

sydek - Winner!

  • Race: Zerg Zerg
  • League: Diamond
  • Spawn Location: 12:00

VOD

Have the link to the VOD?

Description

Time

  • Played on: June 21, 2020, 9:59 p.m.
  • Length: 12:05
Show
View Real Time Build Order
Export as new Build Order

MrFercho Zerg 

Build Orders: Hatch First, Lurkers 

Get SALT Encoding   

  12  0:01  Drone  
  13  0:15  Overlord  
  13  0:18  Drone  
  14  0:40  Drone x3  
  17  0:57  Drone  
  17  0:59  Hatchery  
  17  1:02  Drone  
  18  1:15  Spawning Pool  
  18  1:17  Drone  
  18  1:26  Drone  
  18  1:31  Extractor  
  18  1:38  Drone  
  19  1:47  Drone  
  20  2:09  Drone x2  
  22  2:19  Queen x2  
  22  2:21  Overlord x2  
  26  2:23  Drone  
  26  2:28  Drone  
  28  2:40  Zergling x2  
  29  3:05  Drone x5  
  34  3:13  Drone  
  34  3:16  Drone  
  34  3:17  Drone  
  37  3:21  Roach Warren  
  36  3:38  Spine Crawler x2  
  36  3:41  Spine Crawler  
  33  3:54  Spine Crawler  
  33  3:55  Drone x6  
  38  3:57  Spine Crawler  
  37  4:04  Lair  
  37  4:07  Queen  
  39  4:13  Roach x2  
  43  4:17  Overlord x2  
  43  4:23  Extractor  
  42  4:24  Extractor  
  41  4:38  Roach  
  41  4:39  Roach x4  
  51  4:56  Drone x2  
  51  4:57  Drone x4  
  57  5:02  Drone x3  
  60  5:21  Overlord x5  
  60  5:23  Glial Reconstitution  
  60  5:29  Evolution Chamber  
  60  5:30  Hydralisk Den  
  60  5:35  Drone x2  
  60  5:36  Drone, Infestation Pit  
  60  6:01  Hatchery  
  59  6:13  Grooved Spines  
  59  6:18  Hive  
  59  6:20  Drone x9  
  68  6:53  Drone x5  
  71  6:59  Extractor  
  70  7:03  Zerg Missile Weapons Level 1  
  70  7:09  Evolution Chamber  
  70  7:11  Extractor  
  68  7:20  Drone  
  68  7:21  Drone x4  
  73  7:24  Muscular Augments  
  73  7:26  Extractor, Drone x3  
  75  7:50  Hatchery  
  74  7:51  Hydralisk  
  74  7:52  Hydralisk x3  
  74  7:56  Drone  
  83  8:09  Zerg Ground Armor Level 1  
  83  8:23  Lurker Den  
  81  8:27  Spire  
  81  8:32  Spire  
  79  8:36  Drone x4  
  79  8:37  Drone x2  
  75  8:51  Hatchery  
  75  8:55  Drone x2  
  76  9:05  Drone  
  76  9:06  Drone x2  
  79  9:11  Zerg Missile Weapons Level 2  
  79  9:28  Overlord x6  
  79  9:32  Drone x4  
  83  9:50  Hydralisk x7  
  97  9:58  Lurker x2  
  97  9:59  Lurker x2  
  98  10:26  Hydralisk x11  
  92  10:51  Lurker x3  
Show
View Real Time Build Order
Export as new Build Order

TATORREA Protoss 

Build Orders:  

Get SALT Encoding   

  12  0:02  Probe  
  14  0:14  Probe  
  14  0:26  Probe  
  15  0:32  Pylon  
  16  0:50  Probe  
  16  0:54  Gateway  
  16  0:57  Gateway  
  16  1:02  Probe  
  17  1:14  Probe  
  18  1:21  Assimilator  
  18  1:25  Probe  
  18  1:26  Pylon  
  18  1:29  Pylon  
  19  1:33  Probe  
  20  1:41  Probe  
  21  1:52  Probe  
  22  2:04  Probe, Cybernetics Core  
  23  2:15  Gateway  
  23  2:16  Probe  
  24  2:29  Probe  
  25  3:38  Zealot x3  
  30  3:56  Zealot  
  30  3:57  Zealot x2  
  30  3:58  Probe  
  31  4:03  Assimilator  
  37  4:10  Probe  
  37  4:13  Warp Gate  
  38  4:18  Nexus  
  38  4:19  Pylon  
  38  4:23  Pylon  
  38  4:36  Pylon  
  38  4:37  Zealot x2  
  42  4:40  Pylon  
  42  4:45  Pylon  
  42  5:18  Stalker x3  
  48  5:32  Robotics Facility  
  48  5:35  Gateway, Twilight Council  
  48  5:41  Gateway  
  48  6:05  Nexus  
  43  7:13  Stalker  
  43  7:14  Stalker x4  
  53  7:17  Probe  
  53  7:21  Probe  
  55  7:29  Probe  
  56  7:33  Probe  
  57  7:39  Stalker x3  
  57  7:41  Probe  
  64  7:45  Probe  
  65  7:53  Probe  
  65  7:58  Immortal, Probe  
  71  8:09  Probe  
  71  8:10  Probe  
  73  8:21  Probe  
  73  8:26  Assimilator  
  74  8:31  Assimilator  
  52  8:52  Pylon  
  52  8:54  Stalker x3, Gateway  
  44  8:57  Gateway  
  44  8:59  Observer  
  45  9:05  Probe x2  
  47  9:13  Probe x2  
  48  9:20  Immortal  
  53  9:33  Nexus  
  53  9:36  Pylon  
  53  9:37  Pylon  
  49  9:52  Stalker x3  
  25  10:21  Probe  
  26  10:33  Probe  
  26  10:35  Zealot x2  
  31  10:45  Probe, Cybernetics Core  
  26  10:57  Probe  
Show
View Real Time Build Order
Export as new Build Order

Demizer Protoss - Winner!

Build Orders:  

Get SALT Encoding   

  1  0:00  Probe  
  13  0:07  Probe  
  14  0:16  Probe  
  15  0:25  Pylon  
  15  0:30  Assimilator  
  15  0:37  Assimilator  
  15  0:43  Probe  
  16  0:55  Probe  
  16  0:56  Pylon  
  17  1:03  Probe  
  18  1:11  Probe  
  19  1:18  Gateway  
  19  1:21  Probe  
  20  1:26  Assimilator  
  20  1:34  Pylon  
  20  1:49  Pylon  
  20  1:58  Probe  
  21  2:04  Forge  
  21  2:06  Pylon  
  21  2:16  Pylon  
  21  2:26  Cybernetics Core  
  21  2:27  Gateway  
  21  2:33  Probe  
  22  2:45  Probe  
  23  2:52  Pylon  
  23  2:57  Probe  
  24  2:59  Warp Gate  
  24  3:04  Pylon  
  24  3:16  Gateway  
  24  3:26  Photon Cannon  
  24  3:35  Photon Cannon  
  24  3:37  Photon Cannon  
  24  3:40  Protoss Ground Weapons Level 1  
  24  4:11  Robotics Facility  
  24  4:33  Gateway  
  24  4:43  Pylon  
  24  4:58  Photon Cannon  
  24  4:59  Pylon  
  24  5:06  Nexus  
  24  5:08  Assimilator  
  24  5:12  Assimilator  
  24  5:44  Protoss Shields Level 1  
  24  5:54  Twilight Council  
  24  6:00  Stalker  
  24  6:01  Stalker x3  
  24  6:54  Stalker x2  
  24  6:55  Stalker x2  
  30  7:08  Charge  
  24  7:16  Pylon  
  24  7:24  Robotics Facility  
  24  7:27  Robotics Bay  
  24  7:34  Stalker  
  24  7:36  Stalker x2  
  30  7:37  Stalker  
  30  7:43  Probe  
  33  7:51  Protoss Shields Level 2  
  33  7:55  Probe  
  34  8:07  Probe  
  35  8:14  Extended Thermal Lance  
  35  8:18  Probe  
  35  8:24  Probe  
  35  8:26  Probe  
  37  8:32  Probe  
  39  8:48  Colossus, Blink  
  45  9:08  Stalker  
  45  9:09  Stalker  
  49  9:19  Stalker  
  51  9:30  Stalker  
  53  9:57  Immortal  
  57  10:04  Nexus  
  57  10:10  Stalker  
  57  10:11  Stalker  
  61  11:05  Stalker x4  
Show
View Real Time Build Order
Export as new Build Order

sydek Zerg - Winner!

Build Orders: Hatch First 

Get SALT Encoding   

  12  0:02  Drone  
  13  0:09  Drone  
  14  0:18  Overlord  
  14  0:36  Drone x3  
  17  0:57  Hatchery  
  17  0:59  Drone  
  17  1:15  Spawning Pool  
  16  1:30  Drone x3  
  19  1:33  Extractor  
  18  1:41  Overlord  
  18  1:54  Drone  
  19  2:03  Zergling x2  
  20  2:09  Queen x2  
  20  2:12  Zergling x2  
  25  2:21  Zergling x4  
  27  2:27  Drone  
  28  2:36  Drone x2  
  30  2:50  Drone x2  
  32  3:03  Roach Warren, Drone x3  
  34  3:17  Drone x2  
  36  3:20  Overlord x2  
  36  3:33  Overlord  
  36  3:34  Overlord x2  
  36  3:45  Drone x3  
  36  3:46  Drone x2  
  41  3:51  Drone x3  
  41  3:52  Drone  
  41  3:54  Extractor  
  44  3:56  Extractor  
  43  4:08  Metabolic Boost  
  43  4:12  Lair  
  43  4:16  Hatchery  
  42  4:21  Roach  
  42  4:22  Roach x2  
  48  4:28  Drone x2  
  48  4:30  Evolution Chamber  
  49  4:43  Drone x2  
  49  4:44  Drone x6  
  56  5:09  Roach x4  
  56  5:10  Roach x2  
  56  5:13  Glial Reconstitution  
  68  5:16  Zerg Missile Weapons Level 1  
  68  5:19  Extractor  
  67  5:25  Roach x4  
  67  5:26  Overlord  
  75  5:28  Queen  
  81  5:35  Roach x2  
  81  5:37  Overlord  
  82  5:42  Drone  
  82  5:46  Drone x2  
  83  6:07  Roach x3  
  83  6:08  Roach x4  
  83  6:09  Overlord  
  97  6:13  Overlord x2  
  97  6:22  Overlord x2  
  97  6:29  Overlord x2  
  97  6:38  Roach  
  97  6:39  Roach  
  101  6:49  Lair  
  101  6:57  Evolution Chamber  
  101  6:58  Roach x2  
  101  6:59  Drone, Roach  
  101  7:00  Hatchery, Drone x3  
  109  7:03  Drone x2  
  111  7:08  Drone  
  111  7:09  Drone x2  
  111  7:13  Drone x2  
  116  7:19  Zerg Missile Weapons Level 2  
  116  7:21  Overseer  
  116  7:24  Zerg Ground Armor Level 1  
  113  7:41  Roach x2  
  113  7:42  Roach x6  
  127  7:50  Drone  
  127  7:51  Drone x4  
  132  7:53  Overlord  
  132  8:06  Hydralisk Den, Roach x2  
  132  8:07  Roach x2  
  139  8:19  Overlord x2  
  139  8:37  Hydralisk x6  
  139  8:38  Hydralisk x4  
  142  8:53  Queen  
  142  8:59  Extractor  
  142  9:01  Muscular Augments  
  141  9:03  Extractor  
  141  9:07  Ravager  
  141  9:09  Ravager  
  142  9:11  Ravager  
  142  9:14  Ravager  
  142  9:15  Ravager  
  142  9:16  Ravager  
  146  9:18  Hydralisk  
  146  9:24  Extractor, Drone x2  
  147  9:25  Extractor, Drone x4  
  152  9:36  Hydralisk x4  
  157  9:53  Hydralisk x2  
  157  9:54  Hydralisk x2  
  157  9:55  Overlord x3  
  157  9:56  Overlord  
  165  10:05  Hydralisk  
  167  10:07  Overlord x2  
  167  10:10  Drone  
  167  10:12  Grooved Spines  
  168  10:24  Infestation Pit  
  168  10:27  Hydralisk x2  
  169  10:35  Overseer x2  
  169  10:36  Overseer  
  153  11:06  Hydralisk x3  
  153  11:07  Hydralisk x7  
  161  11:26  Hydralisk x2  
  161  11:27  Hydralisk x5  
  161  11:31  Drone  
  161  11:32  Drone x2  
  178  11:33  Drone  
  178  11:34  Drone  
  178  11:35  Drone x2  
Tags
 
Add a new tag
Caveats
  • Supply blocks, unpowered buildings, or Contaminate may cause inaccurate times.
  • Supply counts are checked every 10 seconds.